 Dungeon Crawl Stone Soup version 0.32-a0-42-ga30500b4d3 (webtiles) character file.

Game seed: 3203286477073303485

5873 whatisthis the Fighter (level 10, -8/77 HPs)
             Began as a Demonspawn Reaver on Jan 30, 2024.
             Was a Believer of Hepliaklqana.
             Shot with an arrow by a centaur warrior (24 damage)
             ... on level 8 of the Dungeon.
             The game lasted 00:27:54 (7836 turns).

whatisthis the Fighter (Demonspawn Reaver)          Turns: 7836, Time: 00:27:55

Health: -8/77      AC: 14    Str: 16    XL:     10   Next: 52%
Magic:  13/13      EV: 13    Int: 15    God:    Hepliaklqana [**....]
Gold:   442        SH:  0    Dex: 11    Spells: 12/13 levels left

rFire   . . .        H - +0 halberd
rCold   . . .        (shield currently unavailable)
rNeg    . . .        t - +3 chain mail
rPois   +            (no helmet)
rElec   .            L - +0 cloak
rCorr   .            (no gloves)
SInv    .            (no boots)
Will    .....        (no amulet) Stlth
                     v - ring of poison resistance
HPRegen 0.32/turn    A - +5 ring of evasion
MPRegen 0.13/turn

%: no passive effects
@: no status effects
A: reduced essence, claws 2, hooves 2, spiny 2, demonic magic 1
a: Renounce Religion, Recall Ancestor, Ancestor Identity


You were on level 8 of the Dungeon.
You worshipped Hepliaklqana.
Hepliaklqana was pleased with you.
You visited 1 branch of the dungeon, and saw 8 of its levels.

You collected 442 gold pieces.

Inventory:

Hand Weapons
 a - a +0 spear of freezing
 b - a +2 dagger of electrocution
 m - a +1 dagger of venom
 H - a +0 halberd (weapon)
Missiles
 d - 6 datura-tipped darts
 s - 17 poisoned darts (quivered)
 C - 10 boomerangs
 O - a curare-tipped dart
Armour
 f - a +0 cloak of poison resistance
 t - a +3 chain mail (worn)
 L - a +0 cloak (worn)
 N - a +0 buckler
Jewellery
 v - a ring of poison resistance (left claw)
 A - a +5 ring of evasion (right claw)
 I - a ring of flight
Wands
 u - a wand of flame (32)
 x - a wand of acid (10)
 y - a wand of polymorph (8)
 z - a wand of roots (5)
 J - a wand of charming (15)
 M - a wand of mindburst (13)
Scrolls
 g - a scroll of acquirement {unknown}
 h - 3 scrolls of noise {unknown}
 o - 3 scrolls of identify {unknown}
 r - 2 scrolls of teleportation {unknown}
 w - a scroll of immolation {unknown}
 B - a scroll of fog {unknown}
 D - a scroll of revelation {unknown}
 F - 3 scrolls of poison
 G - a scroll of blinking {unknown}
Potions
 c - a potion of haste
 e - 4 potions of enlightenment {unknown}
 i - a potion of mutation {unknown}
 j - 3 potions of degeneration {unknown}
 k - 2 potions of brilliance {unknown}
 l - 2 potions of lignification
 n - a potion of curing {unknown}
 p - 2 potions of heal wounds {unknown}
 q - 3 potions of attraction {unknown}
 E - a potion of berserk rage {unknown}
 K - 2 potions of ambrosia {unknown}


   Skills:
 + Level 10.7 Fighting
 + Level 10.0 Polearms
 - Level 5.2 Armour
 - Level 1.7 Dodging
 - Level 2.0 Spellcasting
 - Level 3.0 Conjurations


You had 12 spell levels left.
You knew the following spells:

 Your Spells              Type           Power      Damage    Failure   Level
a - Kiss of Death         Conj/Necr      24%        2d7       77%         1

Your spell library contained the following spells:

 Spells                   Type           Power      Damage    Failure   Level
 Momentum Strike          Conj/Tloc      12%        3d8       88%         2
 Necrotise                Necr           4%         1d4       93%         1
 Hailstorm                Conj/Ice       6%         3d5       98%         3
 Frozen Ramparts          Ice            2%         1d1       100%        3
 Summon Ice Beast         Ice/Summ       1%         N/A       100%        3
 Vampiric Draining        Necr           1%         2d6       100%        3
 Leda's Liquefaction      Alch/Erth      0%         N/A       100%        4
 Martyr's Knell           Necr/Summ      1%         N/A       100%        4
 Petrify                  Alch/Erth      1%         N/A       100%        4
 Curse of Agony           Necr           1%         N/A       100%        5
 Metabolic Englaciation   Hex/Ice        0%         N/A       100%        5
 Summon Mana Viper        Hex/Summ       1%         N/A       100%        5
 Monstrous Menagerie      Summ           0%         N/A       100%        7


Dungeon Overview and Level Annotations

Branches:
Dungeon (8/15)             Temple (0/1) D:7            Lair (0/5) D:8

Altars:
Ashenzari
Dithmenos
Hepliaklqana
Vehumet

Annotations:
D:2 Terence
D:3 1 runed translucent door, Crazy Yiuf


Innate Abilities, Weirdness & Mutations

Your life essence is reduced to manifest your ancestor. (-10% HP)
You have very sharp fingernails.
You have hoof-like feet.
You are mostly covered in sharp spines.
Spells you cast may paralyse adjacent enemies.


Message History

A centaur comes into view.
It is wielding a +0 falchion and carrying a wand of mindburst.
The deep elf pyromancer mumbles some strange words.
An arrow appears from out of your range of vision.
The arrow hits Hori!
A stone appears from out of your range of vision.
The stone hits Hori!
The deep elf pyromancer casts a spell at you.
The bolt of fire hits the fire elemental.
The fire elemental completely resists.
The bolt of fire hits you!!
Hori misses the deep elf pyromancer.
You hear a zap.
Hori's mind is blasted!
The deep elf pyromancer hits Hori with a +0 long sword.
An arrow appears from out of your range of vision.
The arrow hits Hori!
Hori is destroyed!
You enter the shallow water.
Moving in this stuff is going to be slow.
You see here a +0 shortbow.
The fire elemental hits you. The fire elemental burns you!
You see here a bullfrog corpse.
Okay, then.
Unknown command.
The fire elemental hits you. The fire elemental burns you!
You see here a +0 long sword.
The fire elemental hits you. The fire elemental burns you!
The fire elemental is struck by your spines.
The fire elemental misses you.
You closely miss the fire elemental.
The fire elemental is moderately damaged.
The fire elemental is struck by your spines.
The fire elemental hits you. The fire elemental burns you!
The fire elemental hits you. The fire elemental burns you!
* * * LOW HITPOINT WARNING * * *
The fire elemental barely misses you.
The fire elemental disappears in a puff of smoke!
The laughing skull gives a hideous shriek!
The centaur warrior wields a +0 orcbow.
The centaur warrior shoots an arrow.
The arrow hits you!!
You die...

#.)[................#♣...)♣.
###...#.............#♣♣..).♣
##.).########.####### ######
#...###...###.# ♣.♣ ♣♣
#..##......##.# ♣.♣ ♣♣.
##...........#.# ♣.♣ ♣♣..
#..............#♣♣.♣♣ ♣♣..♣
##.<..c........#♣...♣#
♣♣..♣#
#.......z..@..#.....#♣♣..♣#
#...........#.#.PP.°#♣..♣♣
#...........#....~..e...♣♣
#..........#..#..PP.#♣♣..♣♣
#.............#.....# ♣♣..♣♣
#.........###.#♣...♣# ♣♣..♣
#.........###.#♣♣.♣♣ ♣♣..
#.......#..##.# ♣.♣ ♣♣.
###....###....# ♣.♣ ♣♣


You could see a centaur warrior and a laughing skull.

Vanquished Creatures
  Pikel (D:8)
  Grinder (D:3)
  Prince Ribbit (D:6)
  A steam dragon (D:7)
  A water moccasin (D:8)
  An ice beast (D:7)
  2 sky beasts
  2 orc warriors (D:8)
  An ogre (D:4)
  2 centaurs
  2 phantoms
  A bullfrog (D:7)
  A kobold brigand (D:6)
  4 scorpions
  3 killer bees (D:8)
  A hound (D:5)
  A gnoll bouda (D:6)
  4 orc priests
  An iguana (D:5)
  Natasha (thrice) (D:3)
  6 orc wizards
  Robin (D:3)
  7 adders
  9 gnolls
  A shadow imp (D:6)
  A white imp (D:7)
  A dart slug (D:4)
  2 ribbon worms
  24 orcs
  A ball python (D:1)
  3 bats
  3 endoplasms
  5 giant cockroaches
  15 goblins
  9 hobgoblins
  7 jackals
  21 kobolds
  5 quokkas
  4 frilled lizards
  5 rats
164 creatures vanquished.

Vanquished Creatures (collateral kills)
  A two-headed ogre (D:8)
  Maurice (D:8)
  A cyclops (D:8)
  A yak (D:8)
  A steam dragon (D:8)
  2 water moccasins (D:7)
  A sky beast (D:7)
  A centaur (D:8)
  A phantom (D:7)
  A kobold brigand (D:8)
  3 bullfrogs (D:8)
  A gnoll sergeant (D:8)
  2 scorpions (D:6)
  A hound (D:5)
  2 jellies
  An orc priest (D:7)
  A gnoll bouda (D:8)
  3 orc wizards
  3 gnolls
  13 orcs
  A hobgoblin (D:4)
  A kobold (D:8)
43 creatures vanquished.

Vanquished Creatures (others)
  2 battlemagi (D:8)
  2 ancestors (D:6)
4 creatures vanquished.

Grand Total: 211 creatures vanquished

Notes
Turn   | Place    | Note
-------+----------+-------------------------------------------
     0 | D:1      | whatisthis the Demonspawn Reaver began the quest for the
                  | Orb.
     0 | D:1      | Reached XP level 1. HP: 16/16 MP: 3/3
   157 | D:1      | Discovered your monstrous ancestry.
   157 | D:1      | Gained mutation: You have sharp fingernails. [demonic
                  | ancestry]
   157 | D:1      | Reached XP level 2. HP: 11/23 MP: 5/5
   948 | D:2      | Reached XP level 3. HP: 26/29 MP: 6/6
  1197 | D:2      | Noticed Terence
  1614 | D:2      | Gained mutation: Spells you cast may paralyse adjacent
                  | enemies. [demonic ancestry]
  1614 | D:2      | Reached XP level 4. HP: 13/35 MP: 7/7
  1860 | D:3      | Noticed Robin
  1898 | D:3      | Killed Robin
  2125 | D:3      | Found a runed translucent door.
  2126 | D:3      | Noticed Crazy Yiuf
  2217 | D:3      | Noticed Natasha
  2227 | D:3      | Killed Natasha
  2263 | D:3      | Found a hazy altar of Hepliaklqana.
  2264 | D:3      | Noticed Natasha
  2272 | D:3      | Killed Natasha
  2273 | D:3      | Gained mutation: You have large cloven feet. [demonic
                  | ancestry]
  2273 | D:3      | Reached XP level 5. HP: 31/42 MP: 8/8
  2291 | D:3      | Became a worshipper of Hepliaklqana the Forgotten
  2306 | D:3      | Noticed Grinder
  2508 | D:4      | Found a broken altar of Ashenzari.
  2534 | D:4      | Noticed an ogre
  2548 | D:3      | Paralysed by Grinder for 4 turns
  2604 | D:3      | Killed Grinder
  2605 | D:3      | Reached skill level 1 in Armour
  2605 | D:3      | Gained mutation: You are partially covered in sharp spines.
                  | [demonic ancestry]
  2605 | D:3      | Reached XP level 6. HP: 33/50 MP: 9/9
  2930 | D:3      | Found a shadowy altar of Dithmenos.
  3225 | D:3      | Noticed Natasha
  3232 | D:3      | Killed Natasha
  3233 | D:3      | Reached skill level 5 in Polearms
  3298 | D:4      | Reached skill level 5 in Fighting
  3328 | D:4      | Reached XP level 7. HP: 46/56 MP: 10/10
  3470 | D:4      | Reached * piety under Hepliaklqana
  3874 | D:5      | Entered Level 5 of the Dungeon
  4250 | D:5      | Gained mutation: You are mostly covered in sharp spines.
                  | [demonic ancestry]
  4250 | D:5      | Reached XP level 8. HP: 57/57 MP: 11/11
  4869 | D:6      | Noticed Prince Ribbit
  4886 | D:6      | Killed Prince Ribbit
  5239 | D:6      | Reached skill level 5 in Armour
  5407 | D:6      | Reached ** piety under Hepliaklqana
  5408 | D:6      | Remembered your ancestor Hori as a battlemage
  5852 | D:7      | Gained mutation: You have very sharp fingernails. [demonic
                  | ancestry]
  5852 | D:7      | Reached XP level 9. HP: 54/64 MP: 12/12
  5897 | D:7      | Found a staircase to the Ecumenical Temple.
  6270 | D:7      | Found a radiant altar of Vehumet.
  6859 | D:8      | Noticed a centaur warrior
  6859 | D:8      | Noticed a cyclops
  7134 | D:8      | Noticed Maurice
  7141 | D:8      | Something stole a ring of flight
  7146 | D:8      | Killed Maurice
  7244 | D:8      | Noticed Pikel
  7257 | D:8      | Killed Pikel
  7263 | D:8      | Gained mutation: You have hoof-like feet. [demonic
                  | ancestry]
  7263 | D:8      | Reached XP level 10. HP: 73/74 MP: 13/13
  7389 | D:8      | Killed a cyclops
  7390 | D:8      | Reached skill level 10 in Fighting
  7461 | D:8      | Noticed a two-headed ogre
  7464 | D:8      | Killed a two-headed ogre
  7551 | D:8      | Found a staircase to the Lair.
  7766 | D:8      | Reached skill level 10 in Polearms
  7800 | D:8      | Noticed a deep elf pyromancer
  7836 | D:8      | Shot with an arrow by a centaur warrior

Illustrated notes

Levels and vault maps discovered:
D:1:      lightli_arrival_lavapool, layout_basic, minmay_misc_feat_tiny
D:2:      layout_basic, grunt_ministairs_9, minmay_misc_feat_rugged,
          uniq_terence
D:3:      layout_loops_ring, lemuel_coloured_pillars_altar, lemuel_round_altar,
          uniq_robin, uniq_natasha, uniq_crazy_yiuf_cottage, uniq_grinder
D:4:      cheibrodos_greedy_goblins, layout_loops_cross,
          mainiacjoe_overflow_six_doors_small,
          hellmonk_overflow_destroyed_library, small_statue_intersection
D:5:      layout_basic
D:6:      layout_loops_corners, uniq_prince_ribbit1
D:7:      layout_cave_pods, old_standard_altar, minmay_temple_entry_from_below_a
D:8:      nzn_winding_woodlands_cross [nzn_winding_woodlands_5x15_garden,
          nzn_winding_woodlands_5x15_parted, nzn_winding_woodlands_5x15_eye,
          nzn_winding_woodlands_5x15_pathside_ponds,
          nzn_winding_woodlands_15x15_thick_spiral], layout_cave_pods,
          lair_entry_dummy, uniq_maurice, uniq_pikel

Skill      XL: |  1  2  3  4  5  6  7  8  9 10 |
---------------+-------------------------------+-----
Polearms       | 3 4 5 7 9 10 | 10.0
Fighting       | 3 4 5 6 7 9 10 | 10.7
Armour         | 1 2 3 5 |  5.2
Dodging        | |  1.7
Spellcasting   | |  2.0
Conjurations   | |  3.0

Action                     |  1- 3 |  4- 6 |  7- 9 | 10-12 || total
---------------------------+-------+-------+-------+-------++-------
  Melee: Spear             |   190 |   152 |   219 |       ||   561
         Punch             |     1 |     1 |     2 |       ||     4
         Dagger            |       |     9 |       |       ||     9
         Kick              |       |    16 |    78 |     3 ||    97
         Halberd           |       |       |    65 |    51 ||   116
  Throw: Dart              |     7 |    10 |     9 |     8 ||    34
 Invoke: Ancestor Life: Ba |       |       |     1 |       ||     1
  Evoke: Wand              |       |     5 |       |       ||     5
    Use: Scroll            |       |     2 |       |       ||     2
         Potion            |       |     2 |       |       ||     2
   Stab: Invisible         |     1 |       |       |       ||     1
 Armour: Leather armour    |    36 |       |       |       ||    36
         Ring mail         |    51 |    67 |       |       ||   118
         Skin              |       |    17 |       |       ||    17
         Chain mail        |       |    21 |   147 |    36 ||   204
  Dodge: Dodged            |    82 |    64 |    79 |    24 ||   249

Table legend: (Time is in decaauts)
 A = Elapsed time spent in this place.
 B = Non-inter-level travel time spent in this place.
 C = Inter-level travel time spent in this place.
 D = Time resting spent in this place.
 E = Time spent auto-exploring this place.
 F = Levels seen in this place.
 G = Mean time per level.
                   A        B        C        D        E       F      G
               +--------+--------+--------+--------+--------+-----+--------+
         Total |   7770 |   7232 |    538 |   1129 |   3520 |   8 |  971.2 |
       Dungeon |   7770 |   7232 |    538 |   1129 |   3520 |   8 |  971.2 |
               +--------+--------+--------+--------+--------+-----+--------+

Top non-repeatable levels by time:
     D:3: 1225 daAuts
     D:7: 1165 daAuts
     D:8: 987 daAuts
     D:6: 970 daAuts
     D:1: 940 daAuts
     D:2: 888 daAuts
     D:5: 812 daAuts
     D:4: 778 daAuts
